 Dungeon Crawl Stone Soup version 0.29-a0-234-g0dae59b3db (webtiles) character file.

Game seed: 15592772721135945924

44 HotDog the Skirmisher (level 3, -1/33 HPs)
             Began as a Hill Orc Fighter on Mar 3, 2022.
             Slain by a phantom (8 damage)
             ... on level 4 of the Dungeon.
             The game lasted 00:01:45 (1753 turns).

HotDog the Skirmisher (Hill Orc Fighter)            Turns: 1753, Time: 00:01:46

Health: -1/33      AC:  6    Str: 20    XL:     3   Next: 60%
Magic:  3/3        EV:  9    Int:  8    God:
Gold:   107        SH:  4    Dex: 10    Spells: 2/2 levels left

rFire   . . .      SeeInvis .   a - +0 war axe
rCold   . . .      Faith    .   c - +0 buckler
rNeg    . . .      Spirit   .   b - +0 scale mail
rPois   .          Reflect  .   (no helmet)
rElec   .          Harm     .   (no cloak)
rCorr   .          Rampage  .   (no gloves)
Will    .....                   (no boots)
Stlth   ..........              (no amulet)
HPRegen 0.11/turn               (no ring)
MPRegen 0.08/turn               (no ring)

@: no status effects
A: no striking features
a: no special abilities


You were on level 4 of the Dungeon.
You visited 2 branches of the dungeon, and saw 5 of its levels.

You collected 107 gold pieces.

Inventory:

Hand Weapons
 a - a +0 war axe (weapon)
Armour
 b - a +0 scale mail (worn)
 c - a +0 buckler (worn)
Scrolls
 e - 3 scrolls of identify
 h - 3 scrolls of enchant armour
Potions
 d - a potion of might


   Skills:
 * Level 4.0 Fighting
 * Level 3.6 Axes
 * Level 3.6 Armour
 * Level 0.2 Dodging
 * Level 3.5 Shields
 * Level 0.9 Invocations


You had 2 spell levels left.
You didn't know any spells.
Your spell library was empty.

Dungeon Overview and Level Annotations

Branches:
Dungeon (4/15)             Temple (1/1) D:4

Altars:
Elyvilon
Fedhas
Hepliaklqana
Makhleb
Okawaru
Qazlal
Ru
Xom

Annotations:
D:2 Sigmund


Message History

You start waiting.
Done waiting.
You now have 107 gold pieces (gained 13).
There is a staircase to the Ecumenical Temple here.
You climb downwards.
Welcome back to the Ecumenical Temple!
The phantom barely misses you.
There is a staircase back to the Dungeon, spattered with blood here.
The phantom barely misses you.
You climb upwards.
Welcome back to the Dungeon!
There is a staircase to the Ecumenical Temple here.
You barely miss the phantom. The phantom closely misses you.
The phantom hits you!
You hit the phantom.
The phantom is lightly damaged.
The phantom hits you.
The phantom blinks!
You blink.
You barely miss the phantom.
The phantom is lightly damaged.
The phantom hits you.
You are too injured to fight recklessly!
You are too injured to fight recklessly!
You slash the phantom!
The phantom is moderately damaged.
The phantom hits you. x2
* * * LOW HITPOINT WARNING * * *
The phantom blinks!
You blink.
Found a leather armour and 13 gold pieces.
You are too injured to fight recklessly!
You slash the phantom!
The phantom is severely damaged.
The phantom hits you.
* * * LOW HITPOINT WARNING * * *
The phantom blinks!
You blink.
Found a scroll labelled ONIVED GISISHA and a scale mail.
You hit the phantom but do no damage.
The phantom is severely damaged.
The phantom closely misses you.
You hit the phantom.
The phantom is severely damaged.
The phantom hits you!
You die...

#.#..#####
#....⌠...#
+##........# ##
.[#..⌠.>.⌠.# ..
#$?#........#
.#####....⌠...#
....#.#.###.##
#...#.#.# #.#
#@....#.. ..#
#W..###.. ..
#...# #... .
#####..§# #...
........# ###+#
######..# #...
#.### #.


You could see a phantom.

Vanquished Creatures
  An adder (D:2)
  A dart slug (D:1)
  3 ball pythons (D:1)
  6 endoplasms
  2 goblins
  2 hobgoblins (D:1)
  3 jackals
  2 quokkas (D:1)
  4 bats
  2 frilled lizards (D:1)
  A kobold (D:1)
  4 rats
31 creatures vanquished.

Notes
Turn   | Place    | Note
-------+----------+-------------------------------------------
     0 | D:1      | HotDog the Hill Orc Fighter began the quest for the Orb.
     0 | D:1      | Reached XP level 1. HP: 19/19 MP: 1/1
   253 | D:1      | Reached XP level 2. HP: 25/27 MP: 2/2
   505 | D:1      | Reached skill level 4 in Fighting
   701 | D:1      | Reached XP level 3. HP: 33/33 MP: 3/3
  1019 | D:2      | Found a blossoming altar of Fedhas.
  1194 | D:2      | Noticed Sigmund
  1226 | D:4      | Noticed a phantom
  1226 | D:4      | Noticed a black bear
  1226 | D:4      | Found a staircase to the Ecumenical Temple.
  1230 | Temple   | Entered the Ecumenical Temple
  1237 | Temple   | HP: 1/33 [orc/+0 dagger (1)]
  1753 | D:4      | Slain by a phantom

Illustrated notes

Levels and vault maps discovered:
D:1:      nzn_arrival_depleted_hourglass, layout_rooms, minmay_indecisive_spiral
D:2:      layout_loops_ring, serial_shops, shop, basic_altar, uniq_robin,
          uniq_sigmund, uniq_terence, uniq_natasha
D:3:      layout_basic, mainiacjoe_overflow_boulevard, lemuel_round_altar,
          mainiacjoe_overflow_catwalk_spiral, gammafunk_ghost_icy,
          shapermc_ecumenical_altar_gd
D:4:      layout_basic, temple_fountains, ebering_ghost_sewer_d,
          corexii_mini_fake_secret_closet, uniq_crazy_yiuf_cottage
Temple:   hc_temple_tempest_star

Skill      XL: |  1  2 |
---------------+-------+-----
Axes           | 3 |  3.6
Fighting       | 4 |  4.0
Armour         | |  3.6
Dodging        | |  0.2
Shields        | |  3.5
Invocations    | |  0.9

Action                   || total
-------------------------++-------
Melee: War axe           ||    72
  Use: Potion            ||     3
       Scroll            ||     1
Armor: Scale mail        ||    52
Dodge: Dodged            ||    44
Block: Buckler           ||    25

Table legend: (Time is in decaauts)
 A = Elapsed time spent in this place.
 B = Non-inter-level travel time spent in this place.
 C = Inter-level travel time spent in this place.
 D = Time resting spent in this place.
 E = Time spent auto-exploring this place.
 F = Levels seen in this place.
 G = Mean time per level.
                   A        B        C        D        E       F      G
               +--------+--------+--------+--------+--------+-----+--------+
         Total |   1762 |   1750 |     12 |    450 |   1040 |   5 |  352.4 |
       Dungeon |   1721 |   1709 |     12 |    450 |   1040 |   4 |  430.2 |
        Temple |     40 |     40 |      0 |      0 |      0 |   1 |   40.0 |
               +--------+--------+--------+--------+--------+-----+--------+

Top non-repeatable levels by time:
     D:1: 920 daAuts
     D:4: 471 daAuts
     D:2: 323 daAuts
  Temple: 40 daAuts
     D:3: 5 daAuts
